 Dungeon Crawl Stone Soup version 0.30-a0-297-g0ec75d9ef4 (webtiles) character file.

Game seed: 17769375583781989171

70 night the Ducker (level 4, -1/35 HPs)
             Began as a Merfolk Gladiator on Oct 18, 2022.
             Slain by Robin
             ... wielding a +0 trident
              (6 damage)
             ... on level 2 of the Dungeon.
             The game lasted 00:02:48 (1246 turns).

night the Ducker (Merfolk Gladiator)                Turns: 1246, Time: 00:02:49

Health: -1/35      AC:  5    Str: 14    XL:     4   Next: 22%
Magic:  4/4        EV: 14    Int:  7    God:
Gold:   48         SH:  0    Dex: 17    Spells: 3/3 levels left

rFire   . . .      SeeInvis .    a - +0 long sword
rCold   . . .      Faith    .    (no shield)
rNeg    . . .      Spirit   .    b - +0 leather armour
rPois   .          Reflect  .    c - +0 helmet
rElec   .          Harm     .    i - +0 cloak
rCorr   .          Rampage  .    (no gloves)
Will    .....                    (no boots)
Stlth   +.........               (no amulet)
HPRegen 0.25/turn                (no ring)
MPRegen 0.09/turn                (no ring)

@: no status effects
A: (nimble swimmer 2), mertail
a: no special abilities


You were on level 2 of the Dungeon.
You visited 1 branch of the dungeon, and saw 2 of its levels.

You collected 48 gold pieces.

Inventory:

Hand Weapons
 a - a +0 long sword (weapon)
Missiles
 d - 3 throwing nets (quivered)
 e - a javelin
 h - 3 curare-tipped darts
 l - 5 stones
Armour
 b - a +0 leather armour (worn)
 c - a +0 helmet (worn)
 i - a +0 cloak (worn)
Scrolls
 f - a scroll of butterflies {unknown}
 k - a scroll of noise {unknown}
 n - 2 scrolls of identify {unknown}
Potions
 g - a potion of curing {unknown}
 j - 2 potions of might {unknown}
 m - 2 potions of lignification {unknown}


   Skills:
 + Level 3.0 Fighting
 + Level 4.3 Long Blades
 - Level 2.0 Throwing
 * Level 5.4 Dodging


You had 3 spell levels left.
You didn't know any spells.
Your spell library was empty.

Dungeon Overview and Level Annotations

Branches:
Dungeon (2/15)

Altars:

Shops:
D:1 *

Annotations:
D:2 Robin


Innate Abilities, Weirdness & Mutations

((You are very nimble when in or above water. (Stealth+, EV+, Speed+++)))
Your lower body shifts to a powerful aquatic tail in water.


Message History

The goblin is moderately wounded.
The goblin completely misses you.
You slash the goblin!
You kill the goblin!
The bat closely misses you.
You hit the goblin.
The goblin is severely wounded.
The goblin closely misses you. The goblin misses you.
You hit the goblin.
You kill the goblin!
The bat hits you.
You barely miss the hobgoblin. The hobgoblin barely misses you.
Robin hits you from afar with a +0 trident!
* * * LOW HITPOINT WARNING * * *
You slash the hobgoblin!
You kill the hobgoblin!
The bat closely misses you. x2; Robin throws the goblin at you!
* * * LOW HITPOINT WARNING * * *
You slash the goblin!
You kill the goblin!
The bat hits you but does no damage. Robin barely misses you.
The bat barely misses you. x2
Things that are here:
a +0 club; a goblin corpse The bat attacks as you move away!
The bat barely misses you. x2
You aren't carrying any items that you can evoke.
You miss the bat.
The bat is moderately wounded.
The bat misses you. Robin barely misses you.
You completely miss the bat.
The bat is moderately wounded.
The bat misses you. The bat closely misses you.
Robin hits you from afar with a +0 trident.
* * * LOW HITPOINT WARNING * * *
Robin completely misses you. The bat hits you but does no damage.
You completely miss the bat.
The bat is moderately wounded.
The bat hits you but does no damage.
Robin hits you from afar with a +0 trident.
You die...

#.....#.........#.....
#....##.........'.....
.....#
#.....#...#..... ####.
#..gg.#####..... #
###g### #..... #g#
#..... # #.# #.....
#.#####.# #.....
#..@bg).# ######
#########


You could see Robin and a bat.

Vanquished Creatures
  An adder (D:1)
  3 dart slugs (D:1)
  3 bats (D:1)
  An endoplasm (D:1)
  10 goblins
  8 hobgoblins
  3 jackals (D:1)
  5 kobolds (D:1)
  2 quokkas
  4 ball pythons
  3 frilled lizards
  6 rats (D:1)
49 creatures vanquished.

Notes
Turn   | Place    | Note
-------+----------+-------------------------------------------
     0 | D:1      | night the Merfolk Gladiator began the quest for the Orb.
     0 | D:1      | Reached XP level 1. HP: 16/16 MP: 1/1
   192 | D:1      | Reached XP level 2. HP: 23/23 MP: 2/2
   370 | D:1      | Found Eruo's General Store.
   430 | D:1      | Found a faded altar of an unknown god.
   538 | D:1      | Reached XP level 3. HP: 21/28 MP: 3/3
   639 | D:1      | Reached skill level 5 in Dodging
  1205 | D:2      | Noticed Robin
  1220 | D:2      | Reached XP level 4. HP: 26/35 MP: 4/4
  1245 | D:2      | HP: 5/35 [Robin/+0 trident (3)]
  1246 | D:2      | Slain by Robin

Illustrated notes

Levels and vault maps discovered:
D:1:      lightli_arrival_maybe_door_vault, layout_loops_corners, serial_shops,
          shop, basic_ecumenical_altar
D:2:      minmay_alternating_diamond, layout_basic, uniq_robin

Skill      XL: |  1  2  3 |
---------------+----------+-----
Long Blades    | 4 |  4.3
Dodging        | 5 |  5.4
Fighting       | 3 |  3.0
Throwing       | |  2.0

Action                   |  1- 3 |  4- 6 || total
-------------------------+-------+-------++-------
Melee: Long sword        |   113 |    23 ||   136
       Punch             |       |     1 ||     1
Throw: Throwing net      |     3 |       ||     3
Armor: Leather armour    |    48 |    11 ||    59
Dodge: Dodged            |   120 |    30 ||   150

Table legend: (Time is in decaauts)
 A = Elapsed time spent in this place.
 B = Non-inter-level travel time spent in this place.
 C = Inter-level travel time spent in this place.
 D = Time resting spent in this place.
 E = Time spent auto-exploring this place.
 F = Levels seen in this place.
 G = Mean time per level.
                   A        B        C        D        E       F      G
               +--------+--------+--------+--------+--------+-----+--------+
         Total |   1273 |   1216 |     57 |     72 |    798 |   2 |  636.5 |
       Dungeon |   1273 |   1216 |     57 |     72 |    798 |   2 |  636.5 |
               +--------+--------+--------+--------+--------+-----+--------+

Top non-repeatable levels by time:
     D:1: 1095 daAuts
     D:2: 177 daAuts
